 Dungeon Crawl Stone Soup version 0.18.1-8-gdd0e5ea (webtiles) character file.

248 sveltemanboy the Charmwright (level 5, 0/34 HPs)
             Began as a High Elf Skald on May 26, 2016.
             Slain by a goblin
             ... wielding a +0 club
             ... led by Robin
              (7 damage)
             ... on level 4 of the Dungeon.
             The game lasted 00:07:56 (4225 turns).

sveltemanboy the Charmwright (High Elf Skald)       Turns: 4225, Time: 00:07:57

Health: 0/34       AC:  6    Str: 11    XL:     5   Next: 86%
Magic:  0/10       EV: 10    Int: 17    God:
Gold:   126        SH:  0    Dex: 14    Spells: 3 memorised, 3 levels left

rFire  . . .     SeeInvis +     a - +0 falchion
rCold  . . .     Gourm    .     o - +0 ring mail
rNeg   . . .     Faith    .     (no shield)
rPois  .         Spirit   .     (no helmet)
rElec  .         Dismiss  .     (no cloak)
rCorr  .         Reflect  .     (no gloves)
SustAt .         Harm     .     n - +0 pair of boots
MR     .....                    (no amulet)
Stlth  +.........               (no ring)
                                h - ring of see invisible

@: lethally poisoned (0 -> -3), infused (expiring), not resistant to hostile
enchantments, very unstealthy
A: no striking features
a: no special abilities


You were on level 4 of the Dungeon.
You were not hungry.

You visited 1 branch of the dungeon, and saw 4 of its levels.

You collected 126 gold pieces.

Inventory:

Hand Weapons
 a - a +0 falchion (weapon)
Armour
 n - a +0 pair of boots (worn)
 o - a +0 ring mail (worn)
Jewellery
 h - a ring of see invisible (left hand)
Wands
 b - a wand of digging (1/24)
Scrolls
 e - 2 scrolls of fog {unknown}
 i - 3 scrolls of remove curse {unknown}
 l - a scroll of identify {unknown}
 m - a scroll of recharging {unknown}
Potions
 k - 2 potions of flight {unknown}
Books
 c - a book of Battle

   Spells                             Type                      Level
   a - Infusion                       Charms                       1
   b - Shroud of Golubria             Charms/Translocation         2
   c - Song of Slaying                Charms                       2
   d - Spectral Weapon                Hexes/Charms                 3
   e - Regeneration                   Charms/Necromancy            3
Comestibles
 d - 2 bread rations
 f - a beef jerky
 g - 6 meat rations
 j - 2 fruits


   Skills:
 - Level 2.0 Fighting
 * Level 4.7 Long Blades
 + Level 2.0 Armour
 - Level 1.1 Dodging
 + Level 2.8 Spellcasting
 - Level 1.0 Hexes
 * Level 5.6 Charms
 - Level 1.0 Translocations


You had 3 spell levels left.
You knew the following spells:

 Your Spells              Type           Power        Failure   Level  Hunger
a - Infusion              Chrm           ###.         6%          1    #......
b - Shroud of Golubria    Chrm/Tloc      ##........   17%         2    ##.....
c - Spectral Weapon       Hex/Chrm       ##......     34%         3    ###....


Dungeon Overview and Level Annotations

Branches:
Dungeon (4/15)
 Temple: D:4-7

Altars:
Pakellas
Ru


Message History

The adder poisons you! The goblin hits you but does no damage.
The adder closely misses you.
You hit the adder.
You kill the adder!
Your magical infusion is running out.
You feel sick. The goblin hits you but does no damage.
You hit the hobgoblin.
The hobgoblin is heavily wounded.
Your spectral weapon hits the hobgoblin!
You kill the hobgoblin!
The goblin hits you with a club.
* * * LOW HITPOINT WARNING * * *
You are too injured to fight recklessly!
You are too injured to fight recklessly!
You hit the goblin.
The goblin is heavily wounded.
You feel sick.
Your spectral weapon hits the goblin.
You kill the goblin!
The goblin hits you with a club!
You die... g..... ..g.. g.g. gg.

g. #.############
######.#@..........
.......)(g.##########
#.. ######.#.#.# .#
#.. #.#.#.# ..# #..
#.#.#.# ..# #..
#.#.#.######...# #..
#.#.#......#...#.#..
....#..#.........#..
#.###..#.#.#######..


You could see a goblin and a friendly spectral falchion.

Vanquished Creatures
  2 orc wizards (D:4)
  A worker ant (D:4)
  The ghost of Nanban the Charmwright, a weakling HOSk (D:3)
  Robin (D:4)
  4 adders
  A worm (D:3)
  A dart slug (D:1)
  3 giant geckos
  11 orcs
  8 bats
  4 giant cockroaches
  18 goblins
  9 hobgoblins
  2 quokkas
  2 giant newts (D:2)
  11 kobolds
  6 rats
85 creatures vanquished.

Notes
Turn   | Place    | Note
--------------------------------------------------------------
     0 | D:1      | sveltemanboy the High Elf Skald began the quest for the Orb.
     0 | D:1      | Reached XP level 1. HP: 14/14 MP: 4/4
    29 | D:1      | Reached skill level 1 in Armour
   520 | D:1      | Reached XP level 2. HP: 19/19 MP: 6/6
   683 | D:1      | Learned a level 2 spell: Shroud of Golubria
   832 | D:1      | Reached skill level 4 in Charms
  1784 | D:2      | Reached XP level 3. HP: 24/24 MP: 7/7
  1956 | D:2      | Learned a level 3 spell: Spectral Weapon
  2368 | D:2      | Found a sacrificial altar of Ru.
  2733 | D:3      | Reached XP level 4. HP: 5/29 MP: 8/8
  2816 | D:3      | Noticed Nanban's ghost (weakling HOSk)
  2834 | D:3      | Killed Nanban's ghost
  2834 | D:3      | Reached skill level 5 in Charms
  2834 | D:3      | Reached skill level 1 in Translocations
  3609 | D:3      | Reached skill level 1 in Hexes
  3873 | D:3      | Reached XP level 5. HP: 34/34 MP: 9/9
  3930 | D:3      | Found an oddly glowing altar of Pakellas.
  4213 | D:4      | Noticed Robin
  4218 | D:4      | Killed Robin
  4225 | D:4      | Slain by a goblin

Skill      XL: |  1  2  3  4  5 |
---------------+----------------+-----
Armour         | 1 2 |  2.0
Long Blades    | 3 4 |  4.7
Charms         | 4 5 |  5.6
Translocations | 1 |  1.0
Hexes          | 1 |  1.0
Fighting       | |  2.0
Dodging        | |  1.1
Spellcasting   | |  2.8

Action                   |  1- 3 |  4- 6 || total
-------------------------+-------+-------++-------
Melee: Falchion          |   193 |   108 ||   301
 Cast: Infusion          |     1 |     4 ||     5
       Spectral Weapon   |       |     3 ||     3
       Shroud of Golubri |       |     1 ||     1
  Use: Potion            |       |     1 ||     1
 Stab: Distracted        |     1 |       ||     1
  Eat: Chunk             |     6 |     5 ||    11
Armor: Leather armour    |    52 |    16 ||    68
       Ring mail         |       |    31 ||    31
Dodge: Dodged            |   105 |    36 ||   141
